AoeStats
← Malelf

Arabia

507703821Analyzed
1v1 RM · 12d ago on Sep 19, 2026· 56m 24s· 2 players
Game mode
Random Map
Map size
Tiny (2 player)
Population
200
Speed
Normal
Resources
Standard
Victory
Conquest
Starting age
Dark Age
Ending age
Imperial Age
RankedLock teamsTeams togetherTeam positionsShared explorationLock speedFull tech treeHidden civsTurbo modeCheats
Victory
Defeat
🇮🇹 Teutons · Italy
1715
+12
🇬🇧 Slavs · United Kingdom
1621
-12
bambambigelow
6:30 Loom
9:25 Feudal Age
13:48 Horse Collar
15:34 Double-Bit Axe
20:59 Castle Age
21:34 Fletching
22:18 Bow Saw
23:36 Gold Mining
23:44 Bodkin Arrow
26:54 Ballistics
28:03 Guard Tower
28:53 Bloodlines
28:50 Husbandry
30:43 Wheelbarrow
31:32 Stone Mining
35:51 Imperial Age
34:12 Padded Archer Armor
34:26 Bloodlines
35:33 Leather Archer Armor
35:34 Light Cavalry
36:26 Scale Barding Armor
36:32 Forging
37:18 Ring Archer Armor
38:21 Chain Barding Armor
44:36 Hussar
46:54 Plate Barding Armor
50:15 Hand Cart
52:27 Chemistry
55:59 Heavy Cavalry Archer
Malelf
6:09 Loom
9:10 Feudal Age
10:12 Double-Bit Axe
20:39 Castle Age
18:33 Horse Collar
19:19 Gold Mining
19:44 Bloodlines
19:56 Stone Mining
20:20 Scale Barding Armor
21:43 Bow Saw
25:49 Chain Barding Armor
29:19 Ballistics
30:48 Wheelbarrow
33:54 Imperial Age
32:12 Heavy Plow
37:21 Chemistry
36:57 Fletching
42:18 Forging
42:11 Cavalier
46:20 Iron Casting
50:49 Two-Man Saw
50:36 Bodkin Arrow
51:14 Guard Tower
51:34 Masonry
52:48 Plate Barding Armor
53:47 Blast Furnace
53:47 Heavy Scorpion
55:00 Siege Engineers
55:41 Hand Cart
55:12 Town Watch
55:59 Crop Rotation
55:17 Paladin
56:42 Conscription
Connection lost

Rejoining the realm…

Still unreachable

The connection could not be restored.

Session expired

The server has moved on; the page needs a fresh start.